 Dungeon Crawl Stone Soup version 0.29.0-11-gd7f09526c8 (webtiles) character file.

Game seed: 17221214137949294702

1661 freelancePsychic the Fighter (level 9, -1/75 HPs)
             Began as a Barachi Chaos Knight on Sept 4, 2022.
             Was an Initiate of Gozag.
             Slain by a shadow imp (4 damage)
             ... summoned by Xom
             ... on level 5 of the Dungeon.
             The game lasted 00:13:27 (6915 turns).

freelancePsychic the Fighter (Barachi Chaos Knight) Turns: 6915, Time: 00:13:28

Health: -1/75      AC:  6    Str: 14      XL:     9   Next: 0%
Magic:  9/9        EV: 11    Int: 13      God:    Gozag
Gold:   390        SH:  0    Dex: 14 (15) Spells: 8/8 levels left

rFire   + . .      SeeInvis +   a - +1 falchion (chaos)
rCold   . . .      Faith    .   (no shield)
rNeg    . . .      Spirit   .   o - +2 leather armour
rPois   .          Reflect  .   (no helmet)
rElec   .          Harm     .   (no cloak)
rCorr   .          Rampage  .   (no gloves)
Will    .....                   k - +0 pair of boots
Stlth   +.........              (no amulet)
HPRegen 0.00/turn               m - ring of see invisible
MPRegen 0.11/turn               e - ring of protection from fire

@: inhibited regen, slow
A: amphibious, slowness 1, strong legs 1, +LOS, inhibited regeneration
a: Hop, Renounce Religion, Potion Petition, Call Merchant, Bribe Branch


You were on level 5 of the Dungeon.
You worshipped Gozag.
Gozag was aware of your devotion.
You visited 1 branch of the dungeon, and saw 6 of its levels.
You visited the Abyss 1 time.

You collected 852 gold pieces.
You paid 462 gold pieces to Gozag.

Inventory:

Hand Weapons
 a - a +1 falchion of chaos (weapon)
 b - a +0 sling
Missiles
 j - 4 curare-tipped darts (quivered)
 s - a throwing net
Armour
 k - a +0 pair of boots (worn)
 o - a +2 leather armour (worn)
Jewellery
 e - a ring of protection from fire (right hand)
 f - a ring of magical power
 g - a ring of positive energy
 i - a ring of flight
 m - a ring of see invisible (left hand)
 p - a ring of positive energy
Wands
 h - a wand of charming (1)
 l - a wand of flame (16)
Scrolls
 n - 2 scrolls of teleportation {@r4}
 q - a scroll of silence {unknown}
Potions
 d - 2 potions of attraction
 r - a potion of magic
 u - a potion of cancellation
Miscellaneous
 c - a piece from Xom's chessboard (15/15)


   Skills:
 + Level 8.5 Fighting
 - Level 5.6 Long Blades
 * Level 8.2 Ranged Weapons
 - Level 2.4 Armour
 - Level 1.1 Dodging


You had 8 spell levels left.
You didn't know any spells.
Your spell library was empty.

Dungeon Overview and Level Annotations

Branches:
Dungeon (6/15)
 Temple: D:4-7

Altars:
Gozag
Hepliaklqana
Okawaru
Sif Muna


Innate Abilities, Weirdness & Mutations

You are amphibious.
You cover ground slowly.
You can hop short distances.
You have an extended range of vision and can be seen from far away.
You do not regenerate when monsters are visible.


Message History

Your +0 pair of boots unmelds from your body.
Your +2 leather armour unmelds from your body.
The ufetubus closely misses you. The ufetubus barely misses you.
The ufetubus hits you. The ufetubus closely misses you.
The shadow imp hits you but does no damage.
The shadow imp hits you. The chaos spawn misses you.
The shadow imp laughs crazily.
The shadow imp hits you but does no damage.
The quasit misses you.
The quasit claws you but does no damage.
The quasit misses you. The ufetubus completely misses you.
The ufetubus closely misses you. The ufetubus hits you.
The ufetubus barely misses you.
You slash the quasit! You freeze the quasit.
The quasit is severely wounded.
The shadow imp barely misses you. x2; The chaos spawn gores you.
* * * LOW HITPOINT WARNING * * *
The chaos spawn draws strength from your injuries!
The shadow imp hits you.
* * * LOW HITPOINT WARNING * * *
The ufetubus hits you.
* * * LOW HITPOINT WARNING * * *
The ufetubus hits you but does no damage.
The quasit bites you.
* * * LOW HITPOINT WARNING * * *
The quasit claws you but does no damage.
The quasit barely misses you. The ufetubus hits you.
* * * LOW HITPOINT WARNING * * *
The ufetubus hits you.
* * * LOW HITPOINT WARNING * * *
Aiming: Charm
Press: ? - help, Shift-Dir - straight line, f - quasit
Aim: a quasit (severely wounded, summoned, chance to affect: 57%)
The quasit is charmed.
The ufetubus barely misses you. The ufetubus hits you.
* * * LOW HITPOINT WARNING * * *
The ufetubus closely misses you. The ufetubus barely misses you.
The shadow imp hits you.
You die... "Huh?
Did I miss anything?"
Your body crumbles into a pile of gold.

#..........#.###############>###
#.#.......................##.#
#.#.###.#..#.....^....###....#
##.#.###.#..#....#####.# #.##.#
.........#.......# #.# #>##.###
.#.#.######.##...# #.# #.......
.#.#.# ####.##..5# #.# #.##....
.#.#.# #.).....45#####.###.####..
.....# #.##....5@5.).......###...
.....###.##....555####.######....
..................# #.# #....
##.#####..<.......# #.# #....
#......####....### #.# ##...
#######.####....######.# #...
..........##.#....[....# #...
.######.#.##.########### ##.#. .#
###.#.##.# ##.###


You could see a chaos spawn (summoned), 3 shadow imps, 3 ufetubi and a friendly
quasit (charmed, summoned).

Vanquished Creatures
  A smoke demon (Abyss:2)
  A chaos spawn (Abyss:2)
  3 ogres
  2 phantoms (D:4)
  2 scorpions
  A howler monkey (D:5)
  A hound (D:5)
  A gnoll bouda (D:5)
  3 orc priests
  Ijyb (D:4)
  3 orc wizards
  5 gnolls
  5 adders
  A white imp (D:5)
  3 ufetubi (D:5)
  3 worms
  4 dart slugs
  9 orcs
  4 bats
  10 endoplasms
  4 giant cockroaches
  8 goblins
  7 hobgoblins
  8 jackals
  8 kobolds
  8 ball pythons
  3 frilled lizards
  11 rats
120 creatures vanquished.

Vanquished Creatures (collateral kills)
  An ogre (D:5)
  2 killer bees (D:5)
3 creatures vanquished.

Vanquished Creatures (others)
  A killer bee (D:5)
  A bat (D:2)
2 creatures vanquished.

Grand Total: 125 creatures vanquished

Notes
Turn   | Place    | Note
-------+----------+-------------------------------------------
     0 | D:1      | freelancePsychic the Barachi Chaos Knight began the quest
                  | for the Orb.
     0 | D:1      | Reached XP level 1. HP: 18/18 MP: 1/1
   117 | D:1      | Reached XP level 2. HP: 24/25 MP: 2/2
   460 | D:1      | Reached XP level 3. HP: 16/30 MP: 3/3
   624 | D:1      | XOM: noise
   839 | D:1      | XOM: noise
  1021 | D:2      | XOM: 4-stop teleportation journey
  1114 | D:2      | XOM: smoke on damage
  1149 | D:1      | XOM: god gift: 41 gold pieces
  1298 | D:2      | Found a shimmering blue altar of Sif Muna.
  1354 | D:2      | Reached skill level 5 in Long Blades
  1365 | D:2      | Found a faded altar of an unknown god.
  1379 | D:2      | Prayed at the altar of an unknown god.
  1379 | D:2      | Fell from the grace of Xom
  1379 | D:2      | Became a worshipper of Gozag Ym Sagoz the Greedy
  1400 | D:2      | Reached XP level 4. HP: 38/38 MP: 4/4
  1681 | D:2      | XOM: torment (22/38 hp)
  1920 | D:2      | XOM: scenery: summon butterflies
  1979 | D:2      | XOM: summons 1 hostile demon
  2188 | D:3      | Found an iron altar of Okawaru.
  3162 | D:3      | Reached skill level 1 in Ranged Weapons
  3162 | D:3      | Reached XP level 5. HP: 21/43 MP: 5/5
  3167 | D:3      | Reached skill level 5 in Fighting
  3269 | D:3      | XOM: torment (22/44 hp)
  3507 | D:4      | Noticed an ogre
  3514 | D:4      | Killed an ogre
  3515 | D:4      | Reached XP level 6. HP: 51/51 MP: 6/6
  3568 | D:4      | XOM: torment (21/52 hp)
  3769 | D:4      | XOM: polymorph ball python -> gnoll
  3920 | D:4      | Noticed Ijyb
  4278 | D:4      | Killed Ijyb
  4472 | D:4      | Reached XP level 7. HP: 44/58 MP: 7/7
  5000 | D:4      | XOM: stat loss: -1 Int (11/12)
  5013 | D:5      | Entered Level 5 of the Dungeon
  5025 | D:5      | Reached skill level 5 in Ranged Weapons
  5145 | D:5      | XOM: summons 10 hostile demons
  5146 | D:5      | Noticed a chaos spawn
  5285 | D:5      | Found a hazy altar of Hepliaklqana.
  5285 | D:5      | XOM: 4-stop teleportation journey
  5290 | D:5      | Reached XP level 8. HP: 55/67 MP: 8/8
  5738 | Abyss:2  | Cast into level 2 of the Abyss (Xom)
  5932 | Abyss:2  | XOM: summons 1 hostile demon
  5977 | Abyss:2  | Noticed an ancient zyme
  5999 | Abyss:2  | Noticed a smoke demon
  6003 | Abyss:2  | Killed a smoke demon
  6006 | D:5      | Escaped the Abyss
  6226 | D:5      | XOM: noise
  6257 | D:5      | Reached XP level 9. HP: 75/75 MP: 9/9
  6258 | D:5      | XOM: stat loss: -1 Dex (14/15)
  6627 | D:5      | XOM: noise
  6795 | D:5      | XOM: noise
  6893 | D:5      | XOM: summons 9 hostile demons
  6893 | D:5      | Was forgiven by Xom
  6896 | D:5      | Gained mutation: You do not regenerate when monsters are
                  | visible. [potion of mutation]
  6915 | D:5      | HP: 3/75 [ufetubus[Xom] (2)]
  6915 | D:5      | Slain by a shadow imp

Illustrated notes

Levels and vault maps discovered:
D:1:      dpeg_arrival_prison, layout_basic
D:2:      layout_basic, basic_altar, shapermc_ecumenical_altar_venn,
          grunt_ministairs_11
D:3:      layout_loops_corners, okawaru_gym_becter, minmay_goblin_outpost
D:4:      layout_loops_ring, uniq_ijyb
D:5:      layout_loops_ring, lemuel_tele_altar
D:6:      layout_loops_cross, minmay_temple_entry_statues_pillars,
          kennysheep_small_spiral, solitary_fountain, uniq_duvessa,
          uniq_grinder, uniq_edmund, uniq_pikel, uniq_crazy_yiuf_cottage

Skill      XL: |  1  2  3  4  5  6  7  8 |
---------------+-------------------------+-----
Long Blades    | 4 5 |  5.6
Fighting       | 4 5 6 7 8 |  8.5
Ranged Weapons | 1 3 4 6 8 |  8.2
Armour         | |  2.4
Dodging        | |  1.1

Action                   |  1- 3 |  4- 6 |  7- 9 || total
-------------------------+-------+-------+-------++-------
Melee: Falchion          |   119 |   124 |    53 ||   296
       Punch             |     1 |       |     1 ||     2
       Sling             |       |     2 |     1 ||     3
 Fire: Sling             |       |   110 |   163 ||   273
Throw: Dart              |       |     3 |     5 ||     8
Invok: Potion Petition   |       |       |     2 ||     2
 Abil: Hop               |       |       |     2 ||     2
Evoke: Wand              |       |     1 |     6 ||     7
       Piece from Xom's  |       |     1 |       ||     1
  Use: Scroll            |     5 |     6 |     1 ||    12
       Potion            |       |     5 |     5 ||    10
 Stab: Sleeping          |     1 |     1 |       ||     2
       Confused          |       |     1 |       ||     1
       Petrified         |       |     3 |       ||     3
Armor: Leather armour    |    44 |    59 |    64 ||   167
       Skin              |       |       |   165 ||   165
Dodge: Dodged            |    82 |   110 |   121 ||   313
